 Dungeon Sprint DCSS version 0.25-a0-471-g78e40d7af6 (webtiles) character file.

Game seed: 9550284607301337093, levelgen mode: deterministic

3262 ICC the Fighter (level 9, 0/79 HPs)
             Began as a Demonspawn Fighter on Feb 5, 2020.
             Was the Champion of Jiyva.
             Slain by an elephant (13 damage)
             ... in the Dungeon (Sprint IX: "|||||||||||||||||||||||||||||").
             The game lasted 00:12:43 (875 turns).

ICC the Fighter (Demonspawn Fighter)                 Turns: 875, Time: 00:12:44

Health: 0/79       AC: 11    Str: 19    XL:     9   Next: 68%
Magic:  5/9        EV: 10    Int: 12    God:    Jiyva [******]
Gold:   0          SH: 12    Dex: 14    Spells: 8/8 levels left

rFire    + . .     SeeInvis .   a - +0 trident
rCold    + . .     Gourm    .   c - +0 shield
rNeg     + . .     Faith    .   q - +0 plate armour {rF+}
rPois    .         Spirit   .   (helmet restricted)
rElec    .         Reflect  .   (no cloak)
rCorr    +         Harm     .   r - +0 pair of gloves
MR       .....     NoTele   +   (boots unavailable)
Stlth    ..........             (no amulet)
HPRegen  0.23/turn              b - +3 ring of intelligence
MPRegen  0.11/turn              t - ring of positive energy

@: slimy
A: horns 2, talons 3, cold resistance 1, sense surroundings 1, eyeballs 2,
gelatinous body 1, pseudopods 1, translucent skin 1, jelly sensing items,
freezing cloud immunity
a: Request Jelly, Slimify, Cure Bad Mutation, Renounce Religion


You were in the Dungeon.
You worshipped Jiyva.
Jiyva was exalted by your worship.
You were full.

You visited 1 branch

Inventory:

Hand Weapons
 a - a +0 trident (weapon)
Armour
 c - a +0 shield (worn)
 q - a +0 plate armour of fire resistance (worn)
 r - a +0 pair of gloves (worn)
Magical Staves
 p - an uncursed staff of energy
Jewellery
 b - a +3 ring of intelligence (left hand)
 t - a ring of positive energy (right hand)
Wands
 o - a wand of iceblast (8)
Scrolls
 k - 3 scrolls of blinking
 m - 3 scrolls of remove curse
 n - 2 scrolls of amnesia
 u - 2 scrolls of enchant weapon
 v - a scroll of fear
 w - 2 scrolls of identify
Potions
 d - a potion of might
 e - 10 potions of curing
 g - 3 potions of heal wounds
 h - a potion of haste
 i - 4 potions of magic
 j - a potion of invisibility
 s - a potion of berserk rage
Comestibles
 f - a ration


   Skills:
 + Level 10.6 Fighting
 + Level 9.6 Polearms
 + Level 9.8 Armour
 + Level 9.3 Dodging
 + Level 9.8 Shields


You had 8 spell levels left.
You didn't know any spells.
Your spell library was empty.

Dungeon Overview and Level Annotations

Branches:
Dungeon (1/1)

Altars:
Cheibriados
Dithmenos
Elyvilon
Fedhas
Gozag
Hepliaklqana
Kikubaaqudgha
Makhleb
Nemelex Xobeh
Okawaru
Qazlal
Ru
Sif Muna
Trog
Uskayaw
Vehumet
Wu Jian
Xom
Yredelemnul
Zin
The Shining One
Beogh
Jiyva
Lugonu


Innate Abilities, Weirdness & Mutations

You have a pair of horns on your head.
You have claws for feet.
Your flesh is cold resistant. (rC+)
You are immune to freezing clouds.
You passively map a small area around you.
Your body has grown many golden eyes which may confuse attackers. (Acc +5)
Your rubbery body absorbs attacks. (AC +1, EV +1)
Armour fits poorly on your pseudopods.
Your translucent skin slightly reduces your foes' accuracy. (Stealth)
You have a small jelly attached to you that senses nearby items.


Message History

You could not reach far enough!
The dire elephant tramples the jelly!!
The jelly holds its ground!
The jelly dies!
Evoke which item? (* to show all) (? for menu, Esc to quit)
Aiming: Iceblast
Press: ? - help, Shift-Dir - straight line, f/p - dire elephant
Aim: a dire elephant (almost dead)
The mass of ice explodes!
The iceblast engulfs the dire elephant!!
You kill the dire elephant!
The iceblast engulfs the elephant.
The elephant is lightly wounded.
Unknown command.
Okay, then.
A thick mucus forms on your +0 trident.
You completely miss the elephant.
You bludgeon the elephant, but do no damage.
The elephant is lightly wounded.
The elephant tramples you!
You die...

▓_▓.▓.▓
▓_▓.▓.▓, ∆
▓_▓.▓.▓ ∆*
▓_▓.▓.▓
*∆*
▓_▓.▓'▓, ∆
, ▓_▓.▓.▓
*∆ *
▓_▓.▓.▓
*∆*
▓_▓.▓.▓ ∆
▓_▓.▓@▓ ∆
, ▓_▓.▓Y▓
∆ ,
▓_▓.▓Y▓, ∆
▓_▓.▓Y▓, ∆
▓_▓.▓Y▓ *∆
* ▓_▓.▓Y▓
* ,
▓'▓.▓'▓ ∆*
▓.▓.▓.▓,*∆
, *
▓.▓.▓.▓,*∆


You could see a dire elephant and 4 elephants.

Vanquished Creatures
  A dire elephant (D)
  A spiny frog (D)
  A blink frog (D)
  A hippogriff (D)
  A yak (D)
  A wyvern (D)
  2 water moccasins (D)
  3 porcupines (D)
  An ogre (D)
  A sky beast (D)
  A wolf (D)
  2 crocodiles (D)
  5 bullfrogs (D)
  A scorpion (D)
  A jelly (D)
  A gnoll shaman (D)
  An orc wizard (D)
  An ooze (D)
  A dart slug (D)
  A leopard gecko (D)
  An orc (D)
  A giant cockroach (D)
  A goblin (D)
  A quokka (D)
  2 frilled lizards (D)
  A kobold (D)
35 creatures vanquished.

Vanquished Creatures (collateral kills)
  A cyclops (D)
  A troll (D)
  An orc warrior (D)
  2 centaurs (D)
  A bullfrog (D)
6 creatures vanquished.

Vanquished Creatures (others)
  3 great orbs of eyes (D)
  An eye of devastation (shapeshifter) (D)
  2 slime creatures (D)
  A golden eye (shapeshifter) (D)
  A swamp worm (shapeshifter) (D)
  3 jellies (D)
11 creatures vanquished.

Grand Total: 52 creatures vanquished

Notes
Turn   | Place    | Note
-------+----------+-------------------------------------------
     0 | D        | ICC the Demonspawn Fighter began the quest for the Orb.
     0 | D        | Reached XP level 1. HP: 18/18 MP: 1/1
    12 | D        | Reached skill level 1 in Dodging
    29 | D        | Noticed an ogre
    29 | D        | Noticed a jelly
    32 | D        | Gained mutation: You have sharp toenails. [demonic
                  | ancestry]
    32 | D        | Reached XP level 2. HP: 24/24 MP: 2/2
    36 | D        | Killed an ogre
    36 | D        | Reached skill level 4 in Fighting
    36 | D        | Gained mutation: You have razor-sharp toenails. [demonic
                  | ancestry]
    36 | D        | Reached XP level 3. HP: 26/32 MP: 3/3
    36 | D        | Gained mutation: You have a pair of small horns on your
                  | head. [demonic ancestry]
    36 | D        | Reached XP level 4. HP: 31/38 MP: 4/4
    39 | D        | Reached skill level 5 in Fighting
    48 | D        | Found a roughly hewn altar of Beogh.
    48 | D        | Found a snail-covered altar of Cheibriados.
    48 | D        | Found a shadowy altar of Dithmenos.
    48 | D        | Found a white marble altar of Elyvilon.
    48 | D        | Found a blossoming altar of Fedhas.
    48 | D        | Found an opulent altar of Gozag.
    49 | D        | Found a hazy altar of Hepliaklqana.
    50 | D        | Found a viscous altar of Jiyva.
    51 | D        | Found an ancient bone altar of Kikubaaqudgha.
    52 | D        | Found a corrupted altar of Lugonu.
    53 | D        | Found a burning altar of Makhleb.
    54 | D        | Found a sparkling altar of Nemelex Xobeh.
    55 | D        | Found an iron altar of Okawaru.
    56 | D        | Found a stormy altar of Qazlal.
    57 | D        | Found a sacrificial altar of Ru.
    58 | D        | Became a worshipper of Jiyva Juirar the Shapeless
    59 | D        | Found a shimmering blue altar of Sif Muna.
    59 | D        | Killed a slime creature
    59 | D        | Killed a great orb of eyes
    60 | D        | Found a bloodstained altar of Trog.
    60 | D        | Killed a slime creature
    61 | D        | Found a hide-covered altar of Uskayaw.
    61 | D        | Killed a great orb of eyes
    62 | D        | Found a radiant altar of Vehumet.
    63 | D        | Found an ornate altar of the Wu Jian Council.
    63 | D        | Killed a great orb of eyes
    64 | D        | Found a shimmering altar of Xom.
    65 | D        | Found a basalt altar of Yredelemnul.
    66 | D        | Found a glowing silver altar of Zin.
    67 | D        | Found a glowing golden altar of the Shining One.
    85 | D        | Reached * piety under Jiyva
    90 | D        | Reached ** piety under Jiyva
    93 | D        | Reached *** piety under Jiyva
    93 | D        | Gained mutation: You passively map a small area around you.
                  | [Jiyva's grace]
    93 | D        | Reached **** piety under Jiyva
   114 | D        | Noticed a sky beast
   114 | D        | Noticed a yak
   121 | D        | Lost mutation: You passively map a small area around you.
                  | [Jiyva's grace]
   124 | D        | Reached ***** piety under Jiyva
   124 | D        | Gained mutation: You have acidic saliva. [Jiyva's grace]
   124 | D        | Gained mutation: Your rubbery body absorbs attacks. (AC +1,
                  | EV +1) [Jiyva's grace]
   124 | D        | Gained mutation: Your body has grown golden eyes which may
                  | confuse attackers. (Acc +3) [Jiyva's grace]
   124 | D        | Reached ****** piety under Jiyva
   124 | D        | Lost mutation: You have acidic saliva. [Jiyva's grace]
   124 | D        | Gained mutation: Your spells are a little harder to cast,
                  | but a little more powerful. [Jiyva's grace]
   127 | D        | Reached skill level 5 in Armour
   127 | D        | Reached skill level 5 in Shields
   127 | D        | Gained mutation: You have claws for feet. [demonic
                  | ancestry]
   127 | D        | Reached XP level 5. HP: 30/45 MP: 5/5
   134 | D        | Killed a golden eye
   140 | D        | Killed a sky beast
   140 | D        | Reached skill level 6 in Fighting
   140 | D        | Reached skill level 5 in Polearms
   151 | D        | Reached skill level 5 in Dodging
   151 | D        | Gained mutation: Your flesh is cold resistant. (rC+)
                  | [demonic ancestry]
   151 | D        | Reached XP level 6. HP: 23/53 MP: 6/6
   166 | D        | Killed a yak
   166 | D        | Reached skill level 7 in Fighting
   178 | D        | Lost mutation: Your spells are a little harder to cast, but
                  | a little more powerful. [Jiyva's grace]
   178 | D        | Gained mutation: Your muscles are strong. (Str +2) [Jiyva's
                  | grace]
   328 | D        | Noticed an orc warrior
   328 | D        | Noticed a troll
   328 | D        | Noticed a cyclops
   332 | D        | Killed an orc warrior
   337 | D        | Gained mutation: You have a pair of horns on your head.
                  | [demonic ancestry]
   337 | D        | Reached XP level 7. HP: 45/60 MP: 7/7
   339 | D        | Killed a troll
   341 | D        | Killed a cyclops
   341 | D        | Reached skill level 8 in Fighting
   373 | D        | Gained mutation: Your translucent skin slightly reduces
                  | your foes' accuracy. (Stealth) [Jiyva's grace]
   373 | D        | Gained mutation: You have a small jelly attached to you
                  | that senses nearby items. [Jiyva's grace]
   373 | D        | Gained mutation: You have a pair of large horns on your
                  | head. [Jiyva's grace]
   375 | D        | Gained mutation: Your pliable body absorbs attacks. (AC +2,
                  | EV +2) [Jiyva's grace]
   483 | D        | Killed an eye of devastation
   533 | D        | Lost mutation: You have a pair of large horns on your head.
                  | [Jiyva's grace]
   541 | D        | Noticed a wyvern
   541 | D        | Noticed a hippogriff
   546 | D        | Killed a wyvern
   546 | D        | Reached XP level 8. HP: 57/69 MP: 8/8
   560 | D        | Killed a hippogriff
   571 | D        | Reached skill level 9 in Fighting
   788 | D        | Lost mutation: Your muscles are strong. (Str +2) [Jiyva's
                  | grace]
   788 | D        | Lost mutation: Your pliable body absorbs attacks. (AC +2,
                  | EV +2) [Jiyva's grace]
   793 | D        | Gained mutation: Armour fits poorly on your pseudopods.
                  | [Jiyva's grace]
   795 | D        | Gained mutation: You are somewhat resistant to further
                  | mutation. [Jiyva's grace]
   802 | D        | Noticed a blink frog
   805 | D        | Noticed a spiny frog
   818 | D        | Gained mutation: You are immune to freezing clouds.
                  | [demonic ancestry]
   818 | D        | Reached XP level 9. HP: 78/78 MP: 9/9
   836 | D        | Killed a spiny frog
   836 | D        | Reached skill level 10 in Fighting
   851 | D        | Gained mutation: Your body has grown many golden eyes which
                  | may confuse attackers. (Acc +5) [Jiyva's grace]
   851 | D        | Lost mutation: You are somewhat resistant to further
                  | mutation. [Jiyva's grace]
   851 | D        | Gained mutation: You passively map a small area around you.
                  | [Jiyva's grace]
   857 | D        | Noticed a dire elephant
   857 | D        | Noticed an elephant
   857 | D        | Noticed an elephant
   857 | D        | Noticed an elephant
   857 | D        | Noticed an elephant
   857 | D        | Noticed a dire elephant
   873 | D        | Killed a dire elephant
   875 | D        | Slain by an elephant

Levels and vault maps discovered:
D:        linesprint [early_d, line_temple, items_1, d_10, items_2, lair_1,
          lair_end, items_3, orc_1, orc_end, items_4, d_15, swamp_1, shoals_1,
          snake_1, spider_1, d_20, vaults_1, items_5, swamp_end, shoals_end,
          snake_end, spider_end, vaults_end, d_27, items_6, zot_1, zot_end,
          crypt_end, forest_end, elf_end, slime_end, tomb_end, abyss_end,
          pan_hell_end]

Skill      XL: |  1  2  3  4  5  6  7  8  9 |
---------------+----------------------------+-----
Polearms       | 2 3 4 5 6 7 8 9 |  9.6
Armour         | 3 4 5 6 7 8 9 |  9.8
Shields        | 3 4 5 6 7 8 9 |  9.8
Dodging        | 1 3 4 5 6 7 8 9 |  9.3
Fighting       | 4 5 6 7 8 9 10 | 10.6

Action                   |  1- 3 |  4- 6 |  7- 9 || total
-------------------------+-------+-------+-------++-------
Melee: Trident           |    19 |    57 |   112 ||   188
       Kick              |     1 |    24 |    40 ||    65
       Headbutt          |       |    12 |    21 ||    33
       Pseudopods        |       |       |    15 ||    15
Invok: Request Jelly     |       |     1 |     2 ||     3
       Slimify           |       |       |     1 ||     1
Evoke: Wand              |       |       |     2 ||     2
  Use: Potion            |     1 |     2 |       ||     3
Armor: Scale mail        |     3 |       |       ||     3
       Plate armour      |       |    21 |    33 ||    54
Dodge: Dodged            |     1 |     7 |    29 ||    37
Block: Shield            |     5 |    16 |    50 ||    71

Table legend:
 A = Non-vault XP
 B = Vault XP
 C = Vault XP percentage of total XP
 D = Non-vault monster count
 E = Vault monster count
 F = Vault count percentage of total count
                 A         B        C        D         E       F
            +---------+---------+-------+---------+---------+-------
      Total |       0 |    4660 | 100.0 |       0 |      41 | 100.0
            +---------+---------+-------+---------+---------+-------
          D |       0 |    4660 | 100.0 |       0 |      41 | 100.0
            +---------+---------+-------+---------+---------+-------
